 Dungeon Crawl Stone Soup version 0.29-a0-284-gf9362112df (webtiles) character file.

Game seed: 5928181267883821328

1176 davidthevgamer991 the Slasher (level 8, 0/73 HPs)
             Began as a Deep Dwarf Fighter on Mar 24, 2022.
             Was an Elder of Trog.
             Slain by a vampire (8 damage)
             ... on level 6 of the Dungeon on Mar 25, 2022.
             The game lasted 00:46:47 (4874 turns).

davidthevgamer991 the Slasher (Deep Dwarf Fighter)  Turns: 4874, Time: 00:46:47

Health: 0/73       AC: 12    Str: 22    XL:     8   Next: 18%
Magic:  2/2        EV: 11    Int:  9    God:    Trog [****..]
Gold:   275        SH:  6    Dex: 12    Spells: 7/7 levels left

rFire   . . .      SeeInvis +   a - +1 long sword
rCold   . . .      Faith    .   c - +1 buckler
rNeg    . . .      Spirit   .   o - +1 ring mail of Impish Lucidity {rElec Regen+ SInv}
rPois   .          Reflect  .   (no helmet)
rElec   +          Harm     .   (no cloak)
rCorr   .          Rampage  .   u - +0 pair of gloves
Will    ++...                   (no boots)
Stlth   +.........              (no amulet)
HPRegen 0.00/turn               m - ring of willpower
MPRegen 0.08/turn               q - +4 ring of protection

@: no status effects
A: damage resistance, heal wounds, sense surroundings 1, no regeneration
a: Heal Wounds, Renounce Religion, Berserk, Trog's Hand, Brothers in Arms


You were on level 6 of the Dungeon.
You worshipped Trog.
Trog was greatly pleased with you.
You visited 1 branch of the dungeon, and saw 6 of its levels.

You collected 275 gold pieces.

Inventory:

Hand Weapons
 a - a +1 long sword (weapon)
 f - a +1 dagger of protection
 t - a +5 short sword
 v - a +0 great mace
Missiles
 n - a throwing net (quivered)
Armour
 b - a +0 scale mail
 c - a +1 buckler (worn)
 h - a +0 chain mail
 o - the +1 ring mail of Impish Lucidity (worn) {rElec Regen+ SInv}
   (You found it on level 2 of the Dungeon)

   rElec:     It insulates you from electricity.
   SInv:      It lets you see invisible.
   Regen:     It increases your rate of health regeneration.
 u - a +0 pair of gloves (worn)
 w - a +0 scale mail
Jewellery
 m - a ring of willpower (left hand)
 q - a +4 ring of protection (right hand)
 r - a ring of resist corrosion
Wands
 d - a wand of polymorph (9)
 x - a wand of flame (20)
Scrolls
 e - 3 scrolls of teleportation
 i - 5 scrolls of fog
 j - a scroll of fear
 k - a scroll of immolation
 s - 2 scrolls of silence
 y - a scroll of blinking
Potions
 g - 2 potions of flight
 l - a potion of ambrosia
 p - a potion of degeneration
 z - a potion of resistance {unknown}


   Skills:
 + Level 4.5 Fighting
 + Level 6.3 Long Blades
 + Level 5.4 Armour
 + Level 3.8 Dodging
 + Level 1.0 Stealth
 + Level 5.0 Shields


You had 7 spell levels left.
You didn't know any spells.
Your spell library contained the following spells:

 Spells                   Type           Power      Damage    Failure   Level
 Apportation              Tloc           0%         N/A       63%         1
 Gell's Gravitas          Tloc           0%         N/A       94%         3
 Ignite Poison            Fire/Tmut/Pois 0%         N/A       94%         3
 Mephitic Cloud           Conj/Pois/Air  0%         N/A       94%         3
 Teleport Other           Tloc           0%         N/A       94%         3
 Alistair's Intoxication  Tmut/Pois      0%         N/A       100%        5
 Freezing Cloud           Conj/Ice/Air   0%         6-21      100%        5
 Dispersal                Tloc           0%         N/A       100%        6


Dungeon Overview and Level Annotations

Branches:
Dungeon (6/15)
 Temple: D:4-7

Altars:
Fedhas
Gozag
Qazlal
Trog
Uskayaw
Vehumet
Wu Jian


Innate Abilities, Weirdness & Mutations

You are resistant to damage.
You can heal yourself by infusing magical energy.
You passively map a small area around you.
You do not regenerate.


Message History

The vampire hits you.
* * * LOW HITPOINT WARNING * * *
The vampire completely misses you.
You hit the vampire but do no damage.
The vampire is lightly damaged.
The vampire hits you.
The vampire bites you but does no damage.
You hit the vampire.
The vampire is moderately damaged.
The vampire hits you.
* * * LOW HITPOINT WARNING * * *
The vampire bites you!
* * * LOW HITPOINT WARNING * * *
The vampire draws strength from your injuries!
You closely miss the vampire.
The vampire is moderately damaged.
The vampire closely misses you. x2
You closely miss the vampire.
The vampire is moderately damaged.
The vampire hits you but does no damage.
The vampire closely misses you.
You slash the vampire!
The vampire is heavily damaged.
You block the vampire's attack.
The vampire bites you but does no damage.
Okay, then.
Blink to where?
Press: ? - help, Dir - move target
Okay, then.
The vampire hits you. You block the vampire's attack.
You closely miss the vampire.
The vampire is heavily damaged.
The vampire points at you and mumbles some strange words.
You resist with almost no effort. The vampire hits you.
* * * LOW HITPOINT WARNING * * *
The vampire bites you but does no damage.
You hit the vampire but do no damage.
The vampire is heavily damaged.
The vampire hits you!
You die...

#############
#......<....#
#.#########.#
##### #.# ...#
#.# * #.###.###
,, #.V@....#
........###.#.#
, .....##.#
#.#.# >...* #.#
#.# # * , ,
...* *#.# #.#
#.* *,..#*#.# *
* ,. , ... ..#,
###*### *


You could see a vampire (invisible).

Vanquished Creatures
  The ghost of Cecur the Digger, a novice OpEE (D:5)
  Sigmund (D:4)
  2 ice beasts (D:4)
  A kobold brigand (D:4)
  A scorpion (D:5)
  A jelly (D:5)
  2 orc priests (D:4)
  2 orc wizards (D:4)
  Robin (D:4)
  11 adders
  An ufetubus (D:5)
  3 dart slugs
  10 orcs
  10 endoplasms
  3 giant cockroaches
  15 goblins
  10 hobgoblins
  6 jackals (D:1)
  29 kobolds
  4 quokkas
  5 ball pythons
  4 bats
  3 frilled lizards
  6 rats
132 creatures vanquished.

Vanquished Creatures (others)
  An orc wizard (D:4)
  53 plants (D:4)
54 creatures vanquished.

Grand Total: 186 creatures vanquished

Notes
Turn   | Place    | Note
-------+----------+-------------------------------------------
     0 | D:1      | davidthevgamer991 the Deep Dwarf Fighter began the quest
                  | for the Orb.
     0 | D:1      | Reached XP level 1. HP: 20/20 MP: 1/1
    72 | D:1      | Found a faded altar of an unknown god.
   153 | D:1      | Prayed at the altar of an unknown god.
   153 | D:1      | Became a worshipper of Trog the Wrathful
   153 | D:1      | Reached * piety under Trog
   337 | D:1      | Reached XP level 2. HP: 22/27 MP: 2/2
   784 | D:1      | Reached XP level 3. HP: 23/34 MP: 3/3
   985 | D:2      | Reached ** piety under Trog
  1047 | D:2      | Reached skill level 1 in Dodging
  1101 | D:2      | Reached XP level 4. HP: 35/42 MP: 4/4
  1130 | D:2      | Identified the +1 ring mail of Impish Lucidity {rElec
                  | Regen+ SInv}
  1187 | D:2      | Reached skill level 3 in Long Blades
  1696 | D:3      | Reached XP level 5. HP: 34/49 MP: 5/5
  1847 | D:3      | Found an opulent altar of Gozag.
  1847 | D:3      | Found an ornate altar of the Wu Jian Council.
  1855 | D:3      | Found a radiant altar of Vehumet.
  1858 | D:3      | Found a blossoming altar of Fedhas.
  1860 | D:3      | Found a hide-covered altar of Uskayaw.
  2483 | D:4      | Noticed Sigmund
  2498 | D:4      | Reached *** piety under Trog
  2618 | D:4      | Noticed an ice beast
  2632 | D:4      | Killed an ice beast
  2633 | D:4      | Reached skill level 4 in Long Blades
  2783 | D:4      | Reached XP level 6. HP: 34/56 MP: 4/4
  2795 | D:4      | Killed Sigmund
  2987 | D:4      | Noticed an ice beast
  3010 | D:4      | Killed an ice beast
  3011 | D:4      | Reached skill level 5 in Long Blades
  3011 | D:4      | Reached XP level 7. HP: 56/63 MP: 4/4
  3094 | D:4      | Noticed Robin
  3111 | D:4      | Reached **** piety under Trog
  3121 | D:4      | Killed Robin
  3280 | D:4      | Reached skill level 5 in Armour
  3657 | D:4      | Found a stormy altar of Qazlal.
  3687 | D:5      | Entered Level 5 of the Dungeon
  4326 | D:5      | Found a runed translucent door.
  4326 | D:5      | Noticed Cecur's ghost (novice OpEE)
  4374 | D:5      | Killed Cecur's ghost
  4375 | D:5      | Reached skill level 6 in Long Blades
  4375 | D:5      | Reached skill level 1 in Stealth
  4375 | D:5      | Reached skill level 5 in Shields
  4375 | D:5      | Reached XP level 8. HP: 60/73 MP: 2/2
  4874 | D:6      | Slain by a vampire

Illustrated notes

Levels and vault maps discovered:
D:1:      erik_arrival_blinker_ship, layout_basic,
          shapermc_ecumenical_altar_starsandcircs
D:2:      layout_rooms, serial_park_tiny_1
D:3:      layout_loops_ring, chequers_temple_overflow_minitemple,
          chequers_serial_rivers_small_b, minmay_vboxes
D:4:      kennysheep_kobold_camp, layout_loops_corners, lemuel_round_altar,
          uniq_sigmund, uniq_blork_the_orc, uniq_robin
D:5:      layout_basic, gammafunk_ghost_grave
D:6:      layout_loops_ring, uniq_menkaure, uniq_pikel

Skill      XL: |  1  2  3  4  5  6  7 |
---------------+----------------------+-----
Fighting       | 3 4 |  4.5
Dodging        | 1 2 3 |  3.8
Armour         | 4 5 |  5.4
Long Blades    | 3 4 5 6 |  6.3
Shields        | 4 5 |  5.0
Stealth        | 1 |  1.0

Action                   |  1- 3 |  4- 6 |  7- 9 || total
-------------------------+-------+-------+-------++-------
Melee: Long sword        |   118 |   262 |   180 ||   560
 Abil: Heal Wounds       |       |     4 |     4 ||     8
  Use: Scroll            |     3 |     4 |     6 ||    13
       Potion            |     2 |     3 |       ||     5
Armor: Scale mail        |    18 |       |       ||    18
       Chain mail        |    69 |     6 |       ||    75
       Ring mail         |       |   163 |    91 ||   254
Dodge: Dodged            |    80 |   187 |    97 ||   364
Block: Buckler           |    25 |    79 |    56 ||   160

Table legend: (Time is in decaauts)
 A = Elapsed time spent in this place.
 B = Non-inter-level travel time spent in this place.
 C = Inter-level travel time spent in this place.
 D = Time resting spent in this place.
 E = Time spent auto-exploring this place.
 F = Levels seen in this place.
 G = Mean time per level.
                   A        B        C        D        E       F      G
               +--------+--------+--------+--------+--------+-----+--------+
         Total |   4989 |   4889 |    100 |    100 |     63 |   6 |  831.5 |
       Dungeon |   4989 |   4889 |    100 |    100 |     63 |   6 |  831.5 |
               +--------+--------+--------+--------+--------+-----+--------+

Top non-repeatable levels by time:
     D:4: 1262 daAuts
     D:5: 1152 daAuts
     D:3: 983 daAuts
     D:1: 976 daAuts
     D:2: 570 daAuts
     D:6: 44 daAuts
